 Dungeon Crawl Stone Soup version 0.31-a0-237-g2d982f9f85 (webtiles) character file.

Game seed: 4910020506729423377

492 qw the Shooter (level 6, -11/51 HPs)
             Began as a Minotaur Hexslinger on July 11, 2023.
             Killed by divine providence
             ... invoked by an orc priest
              (15 damage)
             ... on level 4 of the Dungeon.
             The game lasted 00:01:12 (3181 turns).

qw the Shooter (Minotaur Hexslinger)                Turns: 3181, Time: 00:01:12

Health: -11/51     AC:  7    Str: 12    XL:     6   Next: 91%
Magic:  6/6        EV: 11    Int: 10    God:
Gold:   103        SH:  0    Dex: 15    Spells: 6/7 levels left

rFire   + . .        Y - +1 sling
rCold   . . .        (no shield)
rNeg    . . .        c - +0 ring mail
rPois   .            (helmet restricted)
rElec   .            (no cloak)
rCorr   .            e - +0 pair of gloves
SInv    .            a - -1 pair of boots "Moihimy" {rF+}
Will    .....        (no amulet)
Stlth   +            (no ring)
HPRegen 0.28/turn    (no ring)
MPRegen 0.10/turn

%: no passive effects
@: no status effects
A: horns 2, retaliatory headbutt
a: no special abilities


You were on level 4 of the Dungeon.
You visited 1 branch of the dungeon, and saw 4 of its levels.

You collected 103 gold pieces.


Innate Abilities, Weirdness & Mutations

You have a pair of horns on your head.
You reflexively headbutt those who attack you in melee.


   Skills:
 + Level 3.4 Fighting
 - Level 6.0 Ranged Weapons
 - Level 4.8 Armour
 - Level 2.1 Dodging
 - Level 1.0 Spellcasting
 - Level 2.0 Hexes


You had 6 spell levels left.
You knew the following spells:

 Your Spells              Type           Power      Damage    Failure   Level
a - Slow                  Hex            16%        N/A       32%         1

Your spell library contained the following spells:

 Spells                   Type           Power      Damage    Failure   Level
 Inner Flame              Hex/Fire       2%         N/A       82%         3
 Portal Projectile        Hex/Tloc       4%         N/A       82%         3
 Cause Fear               Hex            2%         N/A       97%         4

Inventory:

Hand Weapons
 Y - a +1 sling (weapon)
Armour
 a - the -1 pair of boots "Moihimy" (worn) {rF+}
   (You acquired it on level 1 of the Dungeon)

   rF:        It protects you from fire.
 c - a +0 ring mail (worn)
 e - a +0 pair of gloves (worn)
Jewellery
 d - a ring of ice
Scrolls
 f - a scroll of identify
Potions
 h - a potion of mutation

Dungeon Overview and Level Annotations

Branches:
Dungeon (4/15)
 Temple: D:4-7

Altars:
Ashenzari

Annotations:
D:2 1 runed translucent door, Crazy Yiuf


Message History

The sling bullet closely misses the orc priest.
The orc priest hits you with a +0 hand axe.
The orc priest hits you but does no damage.
You shoot a sling bullet.
The sling bullet barely misses the orc priest.
The sling bullet hits the orc.
The orc is heavily wounded.
The orc priest hits you with a +0 hand axe.
The orc hits you with a +0 mace.
You shoot a sling bullet. The sling bullet hits the orc priest.
The orc priest is moderately wounded.
The orc priest hits you with a +0 hand axe.
The orc barely misses you.
You shoot a sling bullet. The sling bullet hits the orc priest.
The orc priest is severely wounded.
The orc priest closely misses you.
You shoot a sling bullet. The sling bullet hits the orc priest.
The orc priest is severely wounded.
The orc priest hits you with a +0 hand axe.
The orc hits you with a +0 mace. The orc closely misses you.
You furiously retaliate!
You headbutt the orc. You shoot a sling bullet.
The sling bullet barely misses the orc priest.
The orc priest hits you with a +0 hand axe.
The orc barely misses you. The orc hits you with a +0 falchion.
The orc priest looks satisfied for a moment.
The orc closely misses you. The orc barely misses you.
You shoot a sling bullet.
The sling bullet closely misses the orc priest.
The orc priest barely misses you. The orc hits you with a +0 mace.
The orc barely misses you. You furiously retaliate!
You headbutt the orc!
You kill the orc!
You shoot a sling bullet.
The sling bullet barely misses the orc priest.
The orc priest closely misses you. The orc hits you with a +0 mace.
You shoot a sling bullet.
The sling bullet barely misses the orc priest.
The orc priest invokes the aid of Beogh against you.
Beogh smites you!
You die...

#.....#.....#.....#
#.....#.....#.....#
#.....#.....#.....#
#.....%.....###
#######........
#.....#[.......
#.....#........
#.....'.%......
#.....#@o......
#.....#o)...###
#.....#%....#
#.....#.....#
#.....#.....#
#.....#.....#
#....)..>...#
#.....#


You could see an orc priest and an orc.

Vanquished Creatures
  Grinder (D:3)
  A jelly (D:4)
  A hound (D:4)
  An orc priest (D:3)
  An orc wizard (D:4)
  Natasha (thrice) (D:2)
  2 worms
  3 dart slugs
  4 orcs
  4 endoplasms
  6 giant cockroaches
  6 goblins
  7 hobgoblins
  8 jackals
  8 kobolds
  A quokka (D:1)
  7 ball pythons
  6 bats
  2 frilled lizards (D:1)
  4 rats
76 creatures vanquished.

Notes
Turn   | Place    | Note
-------+----------+-------------------------------------------
     0 | D:1      | qw the Minotaur Hexslinger began the quest for the Orb.
     0 | D:1      | Reached XP level 1. HP: 16/16 MP: 1/1
     0 | D:1      | 0 ||| qw: Version: 0.3-a-52-g30416fa
     0 | D:1      | 0 ||| qw: Game counter: 5649
     0 | D:1      | 0 ||| qw: Melee chars always use a shield: true
     0 | D:1      | 0 ||| qw: God list: Okawaru
     0 | D:1      | 0 ||| qw: Allow faded altars: false
     0 | D:1      | 0 ||| qw: Do Orc after clearing Dungeon:15 true
     0 | D:1      | 0 ||| qw: Do second Lair branch before Depths: true
     0 | D:1      | 0 ||| qw: Lair rune preference: random
     0 | D:1      | 0 ||| qw: Goals: Normal
     0 | D:1      | 0 ||| PLANNING D:1-11
   177 | D:1      | Reached skill level 3 in Ranged Weapons
   180 | D:1      | Reached XP level 2. HP: 21/23 MP: 2/2
   846 | D:1      | Reached XP level 3. HP: 29/29 MP: 3/3
  1243 | D:1      | 1243 ||| UPGRADING to +0 pair of gloves.
  1248 | D:1      | 1248 ||| READING scroll labelled ICAXZAUGOG.
  1248 | D:1      | Identified a scroll of acquirement
  1248 | D:1      | 1248 ||| ACQUIRING -1 pair of boots "Moihimy" {rF+}
  1248 | D:1      | Acquired the -1 pair of boots "Moihimy" {rF+}
  1250 | D:1      | 1250 ||| UPGRADING to -1 pair of boots "Moihimy" {rF+}.
  1255 | D:1      | 1255 ||| READING 3 scrolls labelled YWAIJETACE.
  1256 | D:1      | 1256 ||| READING scroll labelled VEIREJE APREF.
  1257 | D:1      | 1257 ||| READING 2 scrolls of identify.
  1257 | D:1      | 1257 ||| IDENTIFYING purple potion
  1258 | D:1      | 1258 ||| DROPPING scroll of poison.
  1345 | D:2      | Reached skill level 4 in Ranged Weapons
  1654 | D:2      | Noticed Natasha
  1660 | D:2      | Killed Natasha
  1661 | D:2      | Reached XP level 4. HP: 12/36 MP: 4/4
  1789 | D:2      | Found a runed translucent door.
  1790 | D:2      | Noticed Crazy Yiuf
  1941 | D:2      | Noticed Natasha
  1951 | D:2      | Killed Natasha
  1952 | D:2      | Reached skill level 5 in Ranged Weapons
  2020 | D:2      | Noticed Natasha
  2037 | D:2      | Killed Natasha
  2125 | D:2      | 2125 ||| UPGRADING to +0 leather armour.
  2135 | D:2      | 2135 ||| DROPPING +0 robe.
  2136 | D:2      | 2136 ||| READING 2 scrolls labelled GEFAXE OPUIDD.
  2154 | D:2      | 2154 ||| READING scroll labelled LICRUM JIYSM.
  2262 | D:3      | Noticed Grinder
  2273 | D:3      | HP: 8/37 [Grinder (8)]
  2273 | D:3      | HP: 2/37 [Grinder (6)]
  2274 | D:3      | 2274 ||| READING scroll of teleportation.
  2356 | D:3      | Reached skill level 3 in Fighting
  2359 | D:3      | Paralysed by Grinder for 2 turns
  2367 | D:3      | Killed Grinder
  2368 | D:3      | Reached XP level 5. HP: 18/45 MP: 5/5
  2368 | D:3      | Reached XP level 6. HP: 21/51 MP: 6/6
  3039 | D:3      | Found a broken altar of Ashenzari.
  3041 | D:3      | 3041 ||| UPGRADING to +0 ring mail.
  3051 | D:3      | 3051 ||| DROPPING +0 leather armour.
  3052 | D:3      | 3052 ||| READING scroll labelled UPIDO QOEPS.
  3053 | D:3      | 3053 ||| READING scroll labelled ZUYHAI UHEACS.
  3054 | D:3      | 3054 ||| READING scroll labelled ESAGECLOTA.
  3055 | D:3      | 3055 ||| READING 3 scrolls of identify.
  3055 | D:3      | 3055 ||| IDENTIFYING sapphire potion
  3056 | D:3      | 3056 ||| READING 2 scrolls of identify.
  3056 | D:3      | 3056 ||| IDENTIFYING smoky white potion
  3057 | D:3      | 3057 ||| DROPPING potion of lignification.
  3058 | D:3      | 3058 ||| DROPPING potion of ambrosia.
  3155 | D:4      | Reached skill level 6 in Ranged Weapons
  3177 | D:4      | HP: 12/51 [orc/+0 mace (3)]
  3180 | D:4      | HP: 4/51 [orc/+0 mace (3)]
  3181 | D:4      | Killed from afar by an orc priest

Levels and vault maps discovered:
D:1:      dpeg_cavernosity, layout_basic, serial_bayou_lagoon_a
D:2:      layout_loops_cross, uniq_natasha, uniq_crazy_yiuf_cottage
D:3:      layout_basic, general_overflow_altar, uniq_grinder
D:4:      layout_gridville, serial_shops, shop, minmay_gold_behind_fungi,
          minmay_stone_trees_small

Skill      XL: |  1  2  3  4  5  6 |
---------------+-------------------+-----
Ranged Weapons | 3 4 5 6 |  6.0
Fighting       | 2 3 |  3.4
Armour         | 4 |  4.8
Dodging        | |  2.1
Spellcasting   | |  1.0
Hexes          | |  2.0

Action                     |  1- 3 |  4- 6 || total
---------------------------+-------+-------++-------
   Fire: Sling             |   115 |   177 ||   292
    Use: Scroll            |     4 |     8 ||    12
 Armour: Robe              |    16 |     3 ||    19
         Leather armour    |       |     9 ||     9
         Ring mail         |       |    35 ||    35
  Dodge: Dodged            |    33 |    81 ||   114

Table legend:
 A = Non-vault XP
 B = Vault XP
 C = Vault XP percentage of total XP
 D = Non-vault monster count
 E = Vault monster count
 F = Vault count percentage of total count
                 A         B        C        D         E       F
            +---------+---------+-------+---------+---------+-------
      Total |     373 |     330 |  46.9 |      70 |       6 |   7.9
            +---------+---------+-------+---------+---------+-------
        D:1 |      52 |       7 |  11.9 |      30 |       4 |  11.8
        D:2 |      89 |      33 |  27.0 |      13 |       1 |   7.1
        D:3 |      70 |     290 |  80.6 |      13 |       1 |   7.1
        D:4 |     162 |       0 |   0.0 |      14 |       0 |   0.0
            +---------+---------+-------+---------+---------+-------
